General information
- name: BNet
- type: Ladder team game (AT/RT)
- host: Battle.net
- saver: WellWellWell
map: FullScaleAssault
- players: 8
- length: 39:11
- speed: Fast
- version: 1.26 W3XP
- replay type: Public
» download(233 KB)
Players
team 1 (loser)
WellWellWell (
pink | 76 APM | 2960 actions | 39:11)
10 Warden
3 Fan of Knives
3 Blink
3 Shadow Strike
1 Spirit of Vengeance
» actions
| Assign group hotkey | 169 | |
| Basic commands | 39 | |
| Build / train | 71 | |
| Enter build submenu | 34 | |
| Enter hero's abilities submenu | 10 | |
| Give item / drop item | 3 | |
| Right click | 1814 | |
| Select / deselect | 203 | |
| Select group hotkey | 125 | |
| Use ability | 492 | |
2960 total
» units
» buildings
| Moon Well | 48 | |
| Altar of Elders | 2 | |
| Tree of Life | 4 | |
| Tree of Ages | 2 | |
| Ancient of Wonders | 1 | |
| Hunter's Hall | 1 | |
58 total
» build order
00:18 Moon Well
00:37 Altar of Elders
00:51 Moon Well
01:38 Moon Well
02:06 Moon Well
02:23 Moon Well
02:34 Moon Well
02:41 Moon Well
03:14 Moon Well
03:15 Moon Well
03:36 Moon Well
03:42 Moon Well
04:02 Moon Well
04:05 Moon Well
04:45 Moon Well
04:45 Moon Well
04:46 Moon Well
05:19 Tree of Life
06:05 Moon Well
07:19 Tree of Ages
07:24 Moon Well
07:25 Moon Well
09:07 Moon Well
09:08 Moon Well
09:08 Moon Well
09:08 Moon Well
09:09 Moon Well
09:10 Moon Well
09:10 Moon Well
11:30 Moon Well
11:31 Moon Well
11:31 Moon Well
11:31 Moon Well
11:32 Moon Well
11:32 Moon Well
11:34 Moon Well
11:34 Moon Well
11:34 Moon Well
11:35 Moon Well
11:36 Moon Well
11:36 Moon Well
11:37 Moon Well
19:30 Tree of Life
19:33 Tree of Life
28:34 Tree of Ages
29:06 Tree of Life
32:46 Altar of Elders
32:51 Ancient of Wonders
33:35 Moon Well
33:35 Moon Well
33:35 Moon Well
33:36 Moon Well
33:36 Moon Well
33:37 Moon Well
33:37 Moon Well
37:08 Hunter's Hall
» items
| Boots of Speed | 1 | |
| Staff of Teleportation | 2 | |
| Potion of Invisibility | 3 | |
| Periapt of Vitality | 2 | |
| Potion of Lesser Invulnerability | 1 | |
| Scroll of Town Portal | 1 | |
| Orb of Venom | 1 | |
11 total

»
computer003 (
teal | 73 APM | 2868 actions | 39:03)
10 Warden
3 Shadow Strike
3 Blink
1 Spirit of Vengeance
3 Fan of Knives
» actions
| Assign group hotkey | 104 | |
| Basic commands | 89 | |
| Build / train | 121 | |
| Enter build submenu | 42 | |
| Enter hero's abilities submenu | 10 | |
| Give item / drop item | 2 | |
| Remove unit from queue | 2 | |
| Right click | 1252 | |
| Select / deselect | 572 | |
| Select group hotkey | 488 | |
| Use ability | 186 | |
2868 total
» units
| Wisp | 38 | |
| Archer | 16 | |
| Hippogryph | 17 | |
| Chimaera | 5 | |
| Blue Dragon | 1 | |
| Blue Drake | 3 | |
80 total
» upgrades
| Improved Bows | 2 | |
| Hippogryph Taming | 1 | |
| Strength of the Wild | 2 | |
| Reinforced Hides | 1 | |
| Strength of the Moon | 3 | |
| Moon Armor | 3 | |
| Marksmanship | 1 | |
| Corrosive Breath | 1 | |
14 total
» buildings
| Moon Well | 6 | |
| Altar of Elders | 1 | |
| Ancient of War | 4 | |
| Tree of Ages | 3 | |
| Tree of Life | 7 | |
| Tree of Eternity | 2 | |
| Ancient of Wind | 5 | |
| Hunter's Hall | 2 | |
| Ancient Protector | 8 | |
| Ancient of Wonders | 1 | |
| Chimaera Roost | 2 | |
41 total
» build order
00:05 Moon Well
00:22 Altar of Elders
00:56 Ancient of War
01:36 Moon Well
02:45 Tree of Ages
03:26 Tree of Life
03:49 Ancient of War
03:58 Moon Well
05:07 Tree of Eternity
05:35 Ancient of Wind
06:06 Ancient of Wind
06:38 Moon Well
07:48 Hunter's Hall
08:18 Moon Well
08:23 Moon Well
09:05 Ancient Protector
09:33 Ancient Protector
09:46 Ancient Protector
17:18 Tree of Life
17:32 Tree of Life
17:34 Ancient of War
17:37 Ancient of War
19:21 Tree of Ages
19:36 Tree of Ages
21:22 Hunter's Hall
21:46 Ancient of Wind
21:47 Ancient of Wind
21:52 Ancient of Wind
22:13 Tree of Eternity
22:55 Ancient Protector
22:57 Ancient Protector
23:10 Ancient Protector
23:12 Ancient Protector
23:14 Ancient Protector
23:22 Ancient of Wonders
26:52 Chimaera Roost
26:56 Chimaera Roost
28:40 Tree of Life
32:35 Tree of Life
33:03 Tree of Life
33:06 Tree of Life
» items
| Boots of Speed | 1 | |
| Staff of Teleportation | 1 | |
| Scroll of Regeneration | 1 | |
| Scroll of Town Portal | 2 | |
5 total

»
Venom. (
yellow | 41 APM | 659 actions | 16:07)
2 Archmage
1 Blizzard
1 Brilliance Aura
» actions
| Assign group hotkey | 3 | |
| Basic commands | 17 | |
| Build / train | 57 | |
| Enter build submenu | 32 | |
| Enter hero's abilities submenu | 3 | |
| Right click | 238 | |
| Select / deselect | 225 | |
| Select group hotkey | 28 | |
| Use ability | 56 | |
659 total
» units
| Peasant | 18 | |
| Sorceress | 4 | |
| Priest | 2 | |
| Spell Breaker | 1 | |
25 total
» upgrades
| Masonry | 2 | |
| Sorceress Training | 2 | |
| Priest Training | 2 | |
| Lumber Harvesting | 1 | |
| Magic Sentry | 1 | |
| Control Magic | 1 | |
9 total
» buildings
| Farm | 14 | |
| Keep | 1 | |
| Lumber Mill | 1 | |
| Altar of Kings | 1 | |
| Arcane Sanctum | 3 | |
| Arcane Vault | 1 | |
| Castle | 2 | |
| Scout Tower | 21 | |
| Guard Tower | 15 | |
| Town Hall | 1 | |
60 total
» build order
00:07 Farm
03:29 Keep
04:51 Lumber Mill
04:59 Altar of Kings
05:38 Farm
05:39 Farm
05:39 Farm
05:59 Arcane Sanctum
06:01 Arcane Sanctum
06:02 Arcane Sanctum
06:09 Farm
06:11 Farm
06:13 Farm
06:20 Arcane Vault
07:35 Farm
07:36 Farm
07:38 Farm
07:48 Farm
07:49 Farm
07:51 Farm
07:54 Farm
08:01 Castle
08:53 Scout Tower
08:55 Scout Tower
08:56 Scout Tower
08:58 Scout Tower
09:02 Scout Tower
09:02 Scout Tower
09:05 Scout Tower
09:05 Scout Tower
09:44 Guard Tower
09:44 Guard Tower
09:45 Guard Tower
10:31 Guard Tower
10:32 Guard Tower
10:32 Guard Tower
10:39 Town Hall
11:02 Scout Tower
11:04 Scout Tower
11:05 Scout Tower
11:07 Scout Tower
11:08 Scout Tower
11:09 Scout Tower
11:10 Scout Tower
11:12 Scout Tower
11:18 Scout Tower
11:19 Scout Tower
11:21 Scout Tower
11:22 Scout Tower
11:24 Scout Tower
11:31 Guard Tower
11:32 Guard Tower
11:32 Guard Tower
11:48 Guard Tower
11:48 Guard Tower
11:48 Guard Tower
11:59 Guard Tower
12:42 Guard Tower

»
americanaredumb (
purple | 29 APM | 1156 actions | 39:11)
3 Demon Hunter
2 Evasion
1 Immolation
» actions
| Assign group hotkey | 14 | |
| Basic commands | 105 | |
| Build / train | 64 | |
| Enter build submenu | 25 | |
| Enter hero's abilities submenu | 3 | |
| Give item / drop item | 9 | |
| Remove unit from queue | 3 | |
| Right click | 330 | |
| Select / deselect | 394 | |
| Select group hotkey | 137 | |
| Use ability | 72 | |
1156 total
» units
| Wisp | 12 | |
| Archer | 3 | |
| Huntress | 4 | |
| Chimaera | 6 | |
| Peasant | 15 | |
40 total
» upgrades
| Corrosive Breath | 1 | |
| Strength of the Wild | 1 | |
| Backpack | 1 | |
3 total
» buildings
| Moon Well | 6 | |
| Altar of Elders | 1 | |
| Ancient of War | 1 | |
| Ancient of Wonders | 1 | |
| Tree of Ages | 1 | |
| Hunter's Hall | 1 | |
| Tree of Eternity | 1 | |
| Ancient of Wind | 1 | |
| Ancient of Lore | 2 | |
| Chimaera Roost | 2 | |
| Scout Tower | 8 | |
| Guard Tower | 9 | |
| Lumber Mill | 1 | |
35 total
» build order
00:22 Moon Well
01:04 Altar of Elders
01:20 Ancient of War
01:44 Ancient of Wonders
02:36 Moon Well
02:54 Tree of Ages
03:07 Hunter's Hall
03:21 Moon Well
05:18 Tree of Eternity
05:38 Ancient of Wind
05:43 Ancient of Lore
06:13 Ancient of Lore
06:42 Moon Well
07:43 Chimaera Roost
07:48 Chimaera Roost
09:21 Moon Well
11:33 Moon Well
23:35 Scout Tower
24:02 Guard Tower
24:15 Scout Tower
24:27 Scout Tower
36:05 Lumber Mill
36:33 Scout Tower
36:43 Scout Tower
36:51 Guard Tower
36:57 Guard Tower
37:01 Scout Tower
37:13 Guard Tower
37:16 Scout Tower
37:27 Guard Tower
37:31 Scout Tower
37:42 Guard Tower
37:42 Guard Tower
» items
| Orb of Venom | 1 | |
| Boots of Speed | 1 | |
| Circlet of Nobility | 1 | |
3 total
team 2 (winner)

»
bladegunz (
red | 43 APM | 1631 actions | 37:55)
8 Blademaster
3 Wind Walk
3 Mirror Image
1 Bladestorm
1 Critical Strike
» actions
| Assign group hotkey | 10 | |
| Build / train | 105 | |
| Enter build submenu | 36 | |
| Enter hero's abilities submenu | 8 | |
| Give item / drop item | 8 | |
| Remove unit from queue | 8 | |
| Right click | 755 | |
| Select / deselect | 463 | |
| Select group hotkey | 110 | |
| Use ability | 127 | |
1631 total
» units
| Peon | 16 | |
| Raider | 7 | |
| Troll Batrider | 23 | |
| Wind Rider | 10 | |
56 total
» upgrades
| Spiked Barricades | 2 | |
| Ensnare | 1 | |
| Melee Weapons | 2 | |
| Armor | 3 | |
| Reinforced Defenses | 1 | |
| Ranged Weapons | 3 | |
| Liquid Fire | 1 | |
| Envenomed Spears | 1 | |
14 total
» buildings
| Orc Burrow | 8 | |
| Altar of Storms | 1 | |
| Voodoo Lounge | 1 | |
| War Mill | 1 | |
| Stronghold | 1 | |
| Watch Tower | 23 | |
| Fortress | 1 | |
| Beastiary | 3 | |
| Great Hall | 2 | |
41 total
» build order
00:06 Orc Burrow
00:08 Altar of Storms
00:11 Voodoo Lounge
01:25 War Mill
03:10 Stronghold
03:53 Watch Tower
03:59 Watch Tower
04:05 Watch Tower
05:09 Orc Burrow
06:10 Watch Tower
06:12 Fortress
07:02 Beastiary
07:08 Beastiary
07:35 Watch Tower
08:28 Orc Burrow
08:29 Orc Burrow
08:45 Watch Tower
10:02 Orc Burrow
12:07 Great Hall
15:10 Watch Tower
15:24 Watch Tower
15:25 Watch Tower
16:14 Watch Tower
16:35 Watch Tower
16:39 Watch Tower
17:34 Watch Tower
17:42 Watch Tower
17:48 Watch Tower
17:53 Watch Tower
18:51 Watch Tower
18:56 Watch Tower
19:27 Orc Burrow
19:27 Orc Burrow
19:28 Orc Burrow
20:03 Watch Tower
20:06 Watch Tower
21:42 Watch Tower
21:45 Watch Tower
21:49 Watch Tower
27:21 Great Hall
33:18 Beastiary
» items
| Healing Salve | 3 | |
| Lesser Clarity Potion | 3 | |
| Potion of Mana | 2 | |
| Potion of Healing | 6 | |
| Orb of Lightning | 1 | |
| Periapt of Vitality | 1 | |
16 total
StinkyGreenOrc (
blue | 36 APM | 1423 actions | 39:11)
6 Blademaster
1 Wind Walk
3 Critical Strike
1 Mirror Image
1 Bladestorm
3 Shadow Hunter
2 Healing Wave
1 Serpent Ward
» actions
| Assign group hotkey | 29 | |
| Build / train | 131 | |
| Enter build submenu | 30 | |
| Enter hero's abilities submenu | 9 | |
| Give item / drop item | 4 | |
| Remove unit from queue | 3 | |
| Right click | 515 | |
| Select / deselect | 492 | |
| Select group hotkey | 86 | |
| Use ability | 124 | |
1423 total
» units
| Peon | 25 | |
| Grunt | 4 | |
| Troll Batrider | 34 | |
| Spirit Walker | 2 | |
| Goblin Zeppelin | 2 | |
| Troll Headhunter/Berserker | 9 | |
| Shaman | 5 | |
| Raider | 2 | |
83 total
» upgrades
| Pillage | 1 | |
| Melee Weapons | 1 | |
| Armor | 2 | |
| Berserker Strength | 1 | |
| Spiked Barricades | 1 | |
| Ranged Weapons | 2 | |
| Spirit Walker Training | 1 | |
| Reinforced Defenses | 1 | |
| Berserker Upgrade | 1 | |
| Troll Regeneration | 1 | |
| Shaman Training | 2 | |
| Liquid Fire | 1 | |
| Ensnare | 1 | |
16 total
» buildings
| Altar of Storms | 1 | |
| Orc Burrow | 7 | |
| Barracks | 1 | |
| Voodoo Lounge | 2 | |
| War Mill | 2 | |
| Stronghold | 2 | |
| Watch Tower | 9 | |
| Beastiary | 2 | |
| Spirit Lodge | 1 | |
| Fortress | 2 | |
| Great Hall | 3 | |
32 total
» build order
00:09 Altar of Storms
00:17 Orc Burrow
00:54 Barracks
01:31 Orc Burrow
01:52 Voodoo Lounge
02:08 War Mill
03:23 Stronghold
04:14 Orc Burrow
05:26 Watch Tower
06:25 Beastiary
06:30 Spirit Lodge
07:36 Orc Burrow
08:41 Orc Burrow
09:19 Fortress
09:44 Orc Burrow
10:10 Great Hall
12:44 Orc Burrow
13:57 Watch Tower
20:41 Great Hall
21:07 Watch Tower
22:44 Beastiary
24:55 Great Hall
26:35 War Mill
27:01 Watch Tower
28:12 Watch Tower
28:30 Watch Tower
28:58 Watch Tower
29:04 Voodoo Lounge
29:44 Watch Tower
33:43 Stronghold
34:05 Watch Tower
38:20 Fortress
» items
| Healing Salve | 4 | |
| Scroll of Speed | 1 | |
| Potion of Healing | 3 | |
| Orb of Lightning | 1 | |
| Lesser Clarity Potion | 3 | |
| Potion of Mana | 1 | |
| Scroll of Town Portal | 1 | |
14 total
baga (
orange | 21 APM | 828 actions | 39:11)
6 Mountain King
3 Storm Bolt
2 Bash
1 Avatar
» actions
| Assign group hotkey | 23 | |
| Basic commands | 35 | |
| Build / train | 89 | |
| Enter build submenu | 20 | |
| Enter hero's abilities submenu | 6 | |
| Give item / drop item | 2 | |
| Remove unit from queue | 5 | |
| Right click | 299 | |
| Select / deselect | 274 | |
| Select group hotkey | 30 | |
| Use ability | 45 | |
828 total
» units
| Peasant | 11 | |
| Footman | 7 | |
| Goblin Shredder | 1 | |
| Rifleman | 20 | |
| Sorceress | 16 | |
| Knight | 1 | |
56 total
» upgrades
| Swords | 3 | |
| Plating | 3 | |
| Gunpowder | 3 | |
| Armor | 3 | |
| Sorceress Training | 2 | |
| Long Rifles | 1 | |
15 total
» buildings
| Altar of Kings | 1 | |
| Farm | 7 | |
| Barracks | 1 | |
| Scout Tower | 3 | |
| Blacksmith | 1 | |
| Keep | 1 | |
| Lumber Mill | 2 | |
| Guard Tower | 2 | |
| Arcane Sanctum | 1 | |
| Arcane Vault | 1 | |
| Castle | 1 | |
21 total
» build order
00:07 Altar of Kings
00:12 Farm
00:18 Farm
00:30 Barracks
01:47 Scout Tower
01:50 Farm
02:36 Farm
02:43 Scout Tower
02:58 Blacksmith
03:44 Keep
03:51 Farm
04:03 Scout Tower
05:29 Farm
05:32 Farm
06:00 Lumber Mill
06:34 Guard Tower
06:47 Guard Tower
07:39 Arcane Sanctum
08:18 Arcane Vault
09:19 Castle
29:02 Lumber Mill
» items
| Scroll of Town Portal | 1 | |
| Potion of Healing | 1 | |
2 total
Warman (
green | 24 APM | 926 actions | 39:11)
5 Blood Mage
3 Flame Strike
2 Siphon Mana
» actions
| Basic commands | 1 | |
| Build / train | 85 | |
| Enter build submenu | 38 | |
| Enter hero's abilities submenu | 5 | |
| Remove unit from queue | 2 | |
| Right click | 321 | |
| Select / deselect | 424 | |
| Use ability | 50 | |
926 total
» units
| Peasant | 12 | |
| Footman | 2 | |
| Rifleman | 20 | |
| Priest | 4 | |
| Goblin Shredder | 2 | |
| Mortar Team | 2 | |
| Gryphon Rider | 12 | |
| Siege Engine | 1 | |
55 total
» upgrades
| Gunpowder | 3 | |
| Armor | 1 | |
| Swords | 1 | |
| Fragmentation Shards | 1 | |
| Storm Hammers | 1 | |
| Magic Sentry | 1 | |
| Long Rifles | 1 | |
9 total
» buildings
| Altar of Kings | 1 | |
| Farm | 12 | |
| Lumber Mill | 2 | |
| Barracks | 1 | |
| Blacksmith | 1 | |
| Keep | 1 | |
| Scout Tower | 13 | |
| Guard Tower | 10 | |
| Arcane Sanctum | 1 | |
| Castle | 1 | |
| Workshop | 1 | |
| Gryphon Aviary | 1 | |
| Arcane Tower | 1 | |
| Town Hall | 2 | |
| Arcane Vault | 1 | |
49 total
» build order
00:06 Altar of Kings
00:15 Farm
00:59 Lumber Mill
01:08 Barracks
02:04 Farm
02:17 Blacksmith
03:48 Keep
03:51 Scout Tower
04:25 Farm
04:26 Guard Tower
05:07 Farm
06:14 Arcane Sanctum
06:40 Farm
07:33 Farm
08:20 Scout Tower
08:27 Castle
08:52 Guard Tower
09:41 Workshop
11:02 Gryphon Aviary
12:32 Farm
12:42 Scout Tower
12:48 Scout Tower
13:06 Farm
13:24 Guard Tower
13:28 Farm
15:06 Farm
15:11 Scout Tower
15:16 Scout Tower
15:50 Scout Tower
15:59 Guard Tower
17:30 Guard Tower
20:39 Scout Tower
20:43 Scout Tower
21:11 Arcane Tower
21:13 Guard Tower
27:08 Farm
27:11 Farm
27:48 Lumber Mill
28:45 Town Hall
30:09 Town Hall
33:14 Scout Tower
33:46 Guard Tower
33:48 Scout Tower
34:37 Guard Tower
34:53 Scout Tower
35:33 Guard Tower
36:13 Arcane Vault
36:21 Scout Tower
37:20 Guard Tower
Chat log
(00:28 / Allies) americanaredumb: units
(00:59 / Allies) americanaredumb: UNITS
(01:05 / Allies) computer003: air
(01:06 / Allies) WellWellWell: UNITS!
(01:08 / Allies) WellWellWell: UNITS!!!!
(01:11 / Allies) Venom.: casters
(01:16 / Allies) americanaredumb: ur an idiot
(01:20 / Allies) WellWellWell: That so?
(03:55 / Allies) americanaredumb: yup u are an idiot
(04:24 / Allies) americanaredumb: since we lost im fucking around
(04:41 / Allies) WellWellWell: k
(04:54 / Allies) computer003: unit plz pink
(05:45 / Allies) WellWellWell: yup units as you steal my moonwells
(05:46 / Allies) computer003: wood
(09:51 / Allies) computer003: rdy
(10:02 / Allies) WellWellWell: lawl
(10:05 / Allies) WellWellWell: butt hurt faggot
(10:14 / Allies) americanaredumb: ur not welcome
(10:24 / Allies) WellWellWell: yeah you stole tael's moon wells faggot
(10:48 / Allies) WellWellWell: I will bs you every game I get with you
(10:53 / Allies) WellWellWell: this is new account
(10:56 / Allies) americanaredumb: me 2
(10:56 / Allies) WellWellWell: I've played with you before
(11:04 / Allies) WellWellWell: No you won't retard
(11:07 / Allies) WellWellWell: this is 1-0 account
(11:19 / Allies) americanaredumb: o no
(12:39 / Allies) Venom.: let's hit
(12:50 / All) WellWellWell: AMERICAN R DUMB HERP
(12:51 / All) WellWellWell: DURRRRr
(12:54 / All) WellWellWell: HOW I MANAGE TO BREATHE
(13:02 / All) WellWellWell: ME IS SPESHUL
(13:14 / Allies) Venom.: dont
(13:16 / Allies) Venom.: stop not
(13:20 / Allies) americanaredumb: to bad
(13:24 / All) Venom.: lol
(13:29 / All) Venom.: purple has downs syndrome
(13:32 / All) Venom.: waste of time
(13:46 / Allies) americanaredumb: told i was fucking around
(13:52 / All) WellWellWell: uh huhhh
(14:34 / All) WellWellWell: waaaah
(14:41 / All) WellWellWell: someone is playing the weay I don't want them to!
(15:25 / All) WellWellWell: I have bsed purple before
(15:33 / All) WellWellWell: Very glad of it
(15:56 / Allies) WellWellWell: lawl teal
(15:57 / Allies) WellWellWell: he is bsing you
(16:39 / All) WellWellWell: he thinks we were going to lose because I'm massing moo nwells
(16:42 / All) WellWellWell: but you guys suck
(16:47 / All) WellWellWell: silly faggot
(16:52 / All) WellWellWell: chippo every game
(18:02 / Allies) computer003: unit.,.
(18:07 / Allies) computer003: 1vs4
(18:29 / All) WellWellWell: lawl teal doesn't realize purple is bsing him
(18:42 / All) americanaredumb: and u did fuck all
(18:54 / All) WellWellWell: they haven't attacked me retard
(19:03 / All) WellWellWell: You are a fucking idiot that chippos every game and think you are good
(19:05 / All) americanaredumb: to many moon wells
(19:11 / All) WellWellWell: I could mass moon wells and have better record than your chippo
(19:46 / All) americanaredumb: better than u
(19:51 / All) WellWellWell: no you aren't
(19:59 / All) WellWellWell: you are 0-1 solo
(20:03 / Allies) computer003: gold me pink
(20:03 / All) WellWellWell: you are 1199-1324
(20:05 / All) americanaredumb: thats why u need fake account
(20:05 / All) WellWellWell: you are trash
(20:13 / All) WellWellWell: I fucking win in solo with blood mage only
(20:19 / All) WellWellWell: you can't even win a game playing straight up
(20:21 / All) americanaredumb: because i tk people like u
(20:27 / All) WellWellWell: no
(20:28 / All) americanaredumb: ya ok
(20:32 / All) WellWellWell: you suck period
(20:39 / All) americanaredumb: you 2
(20:48 / All) americanaredumb: thatas why u need a fake account
(21:07 / All) WellWellWell: this isn't indication of my skill level retard
(21:10 / All) WellWellWell: I CAN get units
(21:13 / All) WellWellWell: I am playing for fun
(21:14 / All) americanaredumb: yes it is
(21:14 / All) WellWellWell: I know
(21:16 / All) WellWellWell: a novel concept
(21:19 / All) americanaredumb: ur a retard
(21:42 / All) americanaredumb: keep running
(21:47 / All) WellWellWell: yeah I don't have orb retard
(21:57 / All) WellWellWell: since you killed my hall
(22:04 / All) americanaredumb: hahahaha
(22:17 / All) americanaredumb: wht is teal even trying
(22:31 / All) WellWellWell: we might win because they are awful
(22:46 / All) americanaredumb: not really
(22:55 / All) WellWellWell: they are even worse than you are
(23:03 / All) americanaredumb: better thasn u
(23:03 / All) WellWellWell: if oyu didn't bs they would have lost ez
(23:07 / All) WellWellWell: uh huh
(23:09 / All) bladegunz: lol
(23:11 / All) americanaredumb: ya ok
(23:34 / All) WellWellWell: are you educated at all purple?
(23:36 / All) WellWellWell: you seem retarded
(23:47 / All) americanaredumb: ya by u mother
(25:31 / All) WellWellWell: teal is dumb for not killing off purple
(25:41 / All) americanaredumb: true
(26:47 / Allies) computer003: gold plz
(26:51 / Allies) WellWellWell: it's 1v4 and a hero
(26:53 / Allies) computer003: wood
(26:55 / Allies) WellWellWell: and they still haven't won
(26:59 / Allies) WellWellWell: do you realize how dumb you are purple
(27:02 / Allies) WellWellWell: thinking we lose
(27:02 / Allies) computer003: wood and gold
(27:06 / Allies) WellWellWell: we only lose because you are a faggot
(27:19 / Allies) computer003: where ur hero
(27:20 / Allies) computer003: pink
(28:40 / Allies) WellWellWell: the guy got fucking mirror
(29:12 / Allies) WellWellWell: so bad
(29:38 / Allies) WellWellWell: come teal
(29:43 / Allies) WellWellWell: OR DON"t
(30:06 / Allies) WellWellWell: wyverns LOL
(31:39 / All) bladegunz: lol
(32:02 / Allies) computer003: gold plz
(32:03 / Allies) computer003: i dont have
(32:07 / All) americanaredumb: no
(32:21 / Allies) WellWellWell: kill that
(32:50 / Allies) computer003: wood plz
(32:54 / All) americanaredumb: no
(33:04 / Allies) WellWellWell: fuck off purple you are irrelevant
(33:23 / Allies) WellWellWell: kill purple's hero
(33:24 / Allies) computer003: pink
(33:25 / Allies) computer003: gold me
(33:26 / Allies) computer003: feed me
(33:35 / Allies) computer003: gold plz
(33:37 / Allies) computer003: pink
(33:45 / Allies) computer003: for tp
(33:47 / Allies) computer003: ..
(33:48 / Allies) computer003: 100
(33:55 / All) americanaredumb: no
(34:00 / Allies) WellWellWell: DO YOU NOT UNDERSTAND THAT PURPLE HAS BSED YOU?
(34:00 / Allies) computer003: i need
(34:01 / Allies) computer003: 100 $
(34:02 / Allies) WellWellWell: Kill him
(34:05 / Allies) WellWellWell: or I will not give you anything again
(34:15 / Allies) computer003: give me fucking 100 $
(34:17 / Allies) computer003: u have 2k gold
(34:22 / All) americanaredumb: no
(34:41 / Allies) computer003: mass moon
(34:42 / Allies) computer003: yeah
(34:55 / Allies) computer003: give me gold
(34:57 / Allies) computer003: pink
(34:58 / Allies) computer003: gg..
(34:59 / All) americanaredumb: trime to feed red
(35:04 / All) WellWellWell: HAHAGHA
(35:11 / All) WellWellWell: can't use my mouse!
(35:18 / All) WellWellWell: SHIT
(35:19 / All) WellWellWell: LOL
(35:37 / All) WellWellWell: you guys are so lucky
(35:44 / All) americanaredumb: no u suck
(35:46 / All) WellWellWell: yeah
(35:52 / All) americanaredumb: there better
(35:54 / All) WellWellWell: I stood there for a minute not doing anything
(35:55 / All) WellWellWell: lol
(35:55 / All) WellWellWell: k
(36:02 / All) WellWellWell: said I can't use mouse and they attacked for 30 seocnds
(37:46 / Allies) WellWellWell: use your chims
(37:53 / Allies) WellWellWell: use your bims
(37:54 / Allies) WellWellWell: chims
(37:55 / Allies) WellWellWell: at your expo
(38:27 / Allies) computer003: wtf
(38:35 / All) computer003: its 1vs4
(38:38 / All) americanaredumb: its pink
(39:08 / All) WellWellWell: what a fucking idiot
(39:10 / All) WellWellWell: he didn't loes the game